Workbook

Sheet Oferta Producto N° 1  plano 
A5: ANEXO No. 1. Oferta Producto No. 1 Plano Convocatoria Pública DISPAC S.A. E.S.P.
A8: PROPONENTE
A10: MES | B10: DEMANDA REQUERIDA DISPAC KWh | C10: DEMANDA PERIODO REQUERIDA DISPAC KWh | D10: PORCENTAJE (%) OFERTADO DE LA DEMANDA REQUERIDA | E10: DEMANDA OFERTADA KWh - MES | F10: DEMANDA PERIODO OFERTADA KWh | G10: PRECIO OFERTADO $ kWh (0.00)
A11: 46174 | B11: ='Cantidades- Producto 1'!AG3 -> 8640000 | C11: =B11+B12+B13+B14+B15+B16+B17 -> 43068000 | D11: 0 | E11: =+B11*D11 -> 0
A12: 46204 | B12: ='Cantidades- Producto 1'!AG4 -> 8928000 | D12: 0 | E12: =+B12*D12 -> 0
A13: 46235 | B13: ='Cantidades- Producto 1'!AG5 -> 8928000 | D13: 0 | E13: =+B13*D13 -> 0
A14: 46266 | B14: ='Cantidades- Producto 1'!AG6 -> 2520000 | D14: 0 | E14: =+B14*D14 -> 0
A15: 46296 | B15: ='Cantidades- Producto 1'!AG7 -> 2604000 | D15: 0 | E15: =+B15*D15 -> 0
A16: 46327 | B16: ='Cantidades- Producto 1'!AG8 -> 2520000 | D16: 0 | E16: =+B16*D16 -> 0
A17: 46357 | B17: ='Cantidades- Producto 1'!AG9 -> 8928000 | D17: 0 | E17: =+B17*D17 -> 0
A18: TOTALES | B18: =SUM(B11:B17) -> 43068000 | C18: =SUM(C11:C17) -> 43068000 | E18: =SUM(E11:E17) -> 0 | F18: =SUM(F11:F17) -> 0 | G18: =IFERROR(SUMPRODUCT(F11:F17,G11:G17)/SUM(F11:F17),"")
A20: NOTAS:
A21: (1) Oferta válida para la modalidad Pague lo Contratado.
A22: (2) Las cantidades de energía se despacharan de acuerdo a la curva del Despacho Horario del producto previstas en los Pliegos de Condiciones y sus documentos complementarios.
A23: (3) El oferente presentará propuesta correspondiente a un porcentaje (%)de la demanda requerida para uno o varios meses que sean de su interés
A24: (4) Se aceptarán ofertas por cualquier porcentaje, siempre que este se presente en un numero entero, es decir, sin decimales
A25: (5) Esta oferta podrá cubrir hasta el 100% de cada uno de los meses correspondientes a la demanda requerida por DISPAC S.A. E.S.P. de acuerdo a la curva del Despacho
A26: (6) Los precios ofertados incluyen todos los pagos, cargos, impuestos, estampillas, etc., que el Proponente deba realizar ante cualquier entidad gubernamental, o empresa pública, privada o mixta para entregar la energía en la (s) frontera (s) con el Sistema de Transmisión Nacional – STN.
A27: (6) Los precios ofertados serán a precios de marzo de 2026 y este será indexado mes a mes con el Índice de Precios al Productor Provisional expedido por el DANE.
A28: (8) El precio máximo a adjudicar estará por debajo al precio que presente DISPAC S.A. E.S.P. en su oferta de reserva.
A29: (9) Las ofertas presentadas y remitidas por el ASIC para cada uno de los productos, serán objeto de evaluación si estás son inferiores al precio de reserva presentado por DISPAC.
A30: (10) El precio ofertado debe ser anual
A33: Oferente
A37: Calidad del firmante

Sheet Cantidades- Producto 1
A2: PRODUCTO 1 | AF2: MES | AG2: DEMANDA REQUERIDA DISPAC KWh
A3: Mes | B3: Tipo de día | C3: No. de Días | D3: HORA 01 | E3: HORA 02 | F3: HORA 03 | G3: HORA 04 | H3: HORA 05 | I3: HORA 06 | J3: HORA 07 | K3: HORA 08 | L3: HORA 09 | M3: HORA 10 | N3: HORA 11 | O3: HORA 12 | P3: HORA 13 | Q3: HORA 14 | R3: HORA 15 | S3: HORA 16 | T3: HORA 17 | U3: HORA 18 | V3: HORA 19 | W3: HORA 20 | X3: HORA 21 | Y3: HORA 22 | Z3: HORA 23 | AA3: HORA 24 | AB3: Total | AF3: 46174 | AG3: =AC4 -> 8640000
A4: 46174 | B4: SÁBADO | C4: 4 | D4: 12000 | E4: 12000 | F4: 12000 | G4: 12000 | H4: 12000 | I4: 12000 | J4: 12000 | K4: 12000 | L4: 12000 | M4: 12000 | N4: 12000 | O4: 12000 | P4: 12000 | Q4: 12000 | R4: 12000 | S4: 12000 | T4: 12000 | U4: 12000 | V4: 12000 | W4: 12000 | X4: 12000 | Y4: 12000 | Z4: 12000 | AA4: 12000 | AB4: =SUM(D4:AA4)*C4 -> 1152000 | AC4: =+AB4+AB5+AB6 -> 8640000 | AF4: 46204 | AG4: =AC7 -> 8928000
B5: FESTIVO | C5: 4 | D5: 12000 | E5: 12000 | F5: 12000 | G5: 12000 | H5: 12000 | I5: 12000 | J5: 12000 | K5: 12000 | L5: 12000 | M5: 12000 | N5: 12000 | O5: 12000 | P5: 12000 | Q5: 12000 | R5: 12000 | S5: 12000 | T5: 12000 | U5: 12000 | V5: 12000 | W5: 12000 | X5: 12000 | Y5: 12000 | Z5: 12000 | AA5: 12000 | AB5: =SUM(D5:AA5)*C5 -> 1152000 | AF5: 46235 | AG5: =AC10 -> 8928000
B6: ORDINARIO | C6: 22 | D6: 12000 | E6: 12000 | F6: 12000 | G6: 12000 | H6: 12000 | I6: 12000 | J6: 12000 | K6: 12000 | L6: 12000 | M6: 12000 | N6: 12000 | O6: 12000 | P6: 12000 | Q6: 12000 | R6: 12000 | S6: 12000 | T6: 12000 | U6: 12000 | V6: 12000 | W6: 12000 | X6: 12000 | Y6: 12000 | Z6: 12000 | AA6: 12000 | AB6: =SUM(D6:AA6)*C6 -> 6336000 | AF6: 46266 | AG6: =AC13 -> 2520000
A7: 46204 | B7: SÁBADO | C7: 4 | D7: 12000 | E7: 12000 | F7: 12000 | G7: 12000 | H7: 12000 | I7: 12000 | J7: 12000 | K7: 12000 | L7: 12000 | M7: 12000 | N7: 12000 | O7: 12000 | P7: 12000 | Q7: 12000 | R7: 12000 | S7: 12000 | T7: 12000 | U7: 12000 | V7: 12000 | W7: 12000 | X7: 12000 | Y7: 12000 | Z7: 12000 | AA7: 12000 | AB7: =SUM(D7:AA7)*C7 -> 1152000 | AC7: =+AB7+AB8+AB9 -> 8928000 | AF7: 46296 | AG7: =AC16 -> 2604000
B8: FESTIVO | C8: 4 | D8: 12000 | E8: 12000 | F8: 12000 | G8: 12000 | H8: 12000 | I8: 12000 | J8: 12000 | K8: 12000 | L8: 12000 | M8: 12000 | N8: 12000 | O8: 12000 | P8: 12000 | Q8: 12000 | R8: 12000 | S8: 12000 | T8: 12000 | U8: 12000 | V8: 12000 | W8: 12000 | X8: 12000 | Y8: 12000 | Z8: 12000 | AA8: 12000 | AB8: =SUM(D8:AA8)*C8 -> 1152000 | AF8: 46327 | AG8: =AC19 -> 2520000
B9: ORDINARIO | C9: 23 | D9: 12000 | E9: 12000 | F9: 12000 | G9: 12000 | H9: 12000 | I9: 12000 | J9: 12000 | K9: 12000 | L9: 12000 | M9: 12000 | N9: 12000 | O9: 12000 | P9: 12000 | Q9: 12000 | R9: 12000 | S9: 12000 | T9: 12000 | U9: 12000 | V9: 12000 | W9: 12000 | X9: 12000 | Y9: 12000 | Z9: 12000 | AA9: 12000 | AB9: =SUM(D9:AA9)*C9 -> 6624000 | AF9: 46357 | AG9: =AC22 -> 8928000
A10: 46235 | B10: SÁBADO | C10: 5 | D10: 12000 | E10: 12000 | F10: 12000 | G10: 12000 | H10: 12000 | I10: 12000 | J10: 12000 | K10: 12000 | L10: 12000 | M10: 12000 | N10: 12000 | O10: 12000 | P10: 12000 | Q10: 12000 | R10: 12000 | S10: 12000 | T10: 12000 | U10: 12000 | V10: 12000 | W10: 12000 | X10: 12000 | Y10: 12000 | Z10: 12000 | AA10: 12000 | AB10: =SUM(D10:AA10)*C10 -> 1440000 | AC10: =+AB10+AB11+AB12 -> 8928000
B11: FESTIVO | C11: 5 | D11: 12000 | E11: 12000 | F11: 12000 | G11: 12000 | H11: 12000 | I11: 12000 | J11: 12000 | K11: 12000 | L11: 12000 | M11: 12000 | N11: 12000 | O11: 12000 | P11: 12000 | Q11: 12000 | R11: 12000 | S11: 12000 | T11: 12000 | U11: 12000 | V11: 12000 | W11: 12000 | X11: 12000 | Y11: 12000 | Z11: 12000 | AA11: 12000 | AB11: =SUM(D11:AA11)*C11 -> 1440000
B12: ORDINARIO | C12: 21 | D12: 12000 | E12: 12000 | F12: 12000 | G12: 12000 | H12: 12000 | I12: 12000 | J12: 12000 | K12: 12000 | L12: 12000 | M12: 12000 | N12: 12000 | O12: 12000 | P12: 12000 | Q12: 12000 | R12: 12000 | S12: 12000 | T12: 12000 | U12: 12000 | V12: 12000 | W12: 12000 | X12: 12000 | Y12: 12000 | Z12: 12000 | AA12: 12000 | AB12: =SUM(D12:AA12)*C12 -> 6048000
A13: 46266 | B13: SÁBADO | C13: 4 | D13: 3500 | E13: 3500 | F13: 3500 | G13: 3500 | H13: 3500 | I13: 3500 | J13: 3500 | K13: 3500 | L13: 3500 | M13: 3500 | N13: 3500 | O13: 3500 | P13: 3500 | Q13: 3500 | R13: 3500 | S13: 3500 | T13: 3500 | U13: 3500 | V13: 3500 | W13: 3500 | X13: 3500 | Y13: 3500 | Z13: 3500 | AA13: 3500 | AB13: =SUM(D13:AA13)*C13 -> 336000 | AC13: =+AB13+AB14+AB15 -> 2520000
B14: FESTIVO | C14: 4 | D14: 3500 | E14: 3500 | F14: 3500 | G14: 3500 | H14: 3500 | I14: 3500 | J14: 3500 | K14: 3500 | L14: 3500 | M14: 3500 | N14: 3500 | O14: 3500 | P14: 3500 | Q14: 3500 | R14: 3500 | S14: 3500 | T14: 3500 | U14: 3500 | V14: 3500 | W14: 3500 | X14: 3500 | Y14: 3500 | Z14: 3500 | AA14: 3500 | AB14: =SUM(D14:AA14)*C14 -> 336000
B15: ORDINARIO | C15: 22 | D15: 3500 | E15: 3500 | F15: 3500 | G15: 3500 | H15: 3500 | I15: 3500 | J15: 3500 | K15: 3500 | L15: 3500 | M15: 3500 | N15: 3500 | O15: 3500 | P15: 3500 | Q15: 3500 | R15: 3500 | S15: 3500 | T15: 3500 | U15: 3500 | V15: 3500 | W15: 3500 | X15: 3500 | Y15: 3500 | Z15: 3500 | AA15: 3500 | AB15: =SUM(D15:AA15)*C15 -> 1848000
A16: 46296 | B16: SÁBADO | C16: 5 | D16: 3500 | E16: 3500 | F16: 3500 | G16: 3500 | H16: 3500 | I16: 3500 | J16: 3500 | K16: 3500 | L16: 3500 | M16: 3500 | N16: 3500 | O16: 3500 | P16: 3500 | Q16: 3500 | R16: 3500 | S16: 3500 | T16: 3500 | U16: 3500 | V16: 3500 | W16: 3500 | X16: 3500 | Y16: 3500 | Z16: 3500 | AA16: 3500 | AB16: =SUM(D16:AA16)*C16 -> 420000 | AC16: =+AB16+AB17+AB18 -> 2604000
B17: FESTIVO | C17: 4 | D17: 3500 | E17: 3500 | F17: 3500 | G17: 3500 | H17: 3500 | I17: 3500 | J17: 3500 | K17: 3500 | L17: 3500 | M17: 3500 | N17: 3500 | O17: 3500 | P17: 3500 | Q17: 3500 | R17: 3500 | S17: 3500 | T17: 3500 | U17: 3500 | V17: 3500 | W17: 3500 | X17: 3500 | Y17: 3500 | Z17: 3500 | AA17: 3500 | AB17: =SUM(D17:AA17)*C17 -> 336000
B18: ORDINARIO | C18: 22 | D18: 3500 | E18: 3500 | F18: 3500 | G18: 3500 | H18: 3500 | I18: 3500 | J18: 3500 | K18: 3500 | L18: 3500 | M18: 3500 | N18: 3500 | O18: 3500 | P18: 3500 | Q18: 3500 | R18: 3500 | S18: 3500 | T18: 3500 | U18: 3500 | V18: 3500 | W18: 3500 | X18: 3500 | Y18: 3500 | Z18: 3500 | AA18: 3500 | AB18: =SUM(D18:AA18)*C18 -> 1848000
A19: 46327 | B19: SÁBADO | C19: 4 | D19: 3500 | E19: 3500 | F19: 3500 | G19: 3500 | H19: 3500 | I19: 3500 | J19: 3500 | K19: 3500 | L19: 3500 | M19: 3500 | N19: 3500 | O19: 3500 | P19: 3500 | Q19: 3500 | R19: 3500 | S19: 3500 | T19: 3500 | U19: 3500 | V19: 3500 | W19: 3500 | X19: 3500 | Y19: 3500 | Z19: 3500 | AA19: 3500 | AB19: =SUM(D19:AA19)*C19 -> 336000 | AC19: =+AB19+AB20+AB21 -> 2520000
B20: FESTIVO | C20: 5 | D20: 3500 | E20: 3500 | F20: 3500 | G20: 3500 | H20: 3500 | I20: 3500 | J20: 3500 | K20: 3500 | L20: 3500 | M20: 3500 | N20: 3500 | O20: 3500 | P20: 3500 | Q20: 3500 | R20: 3500 | S20: 3500 | T20: 3500 | U20: 3500 | V20: 3500 | W20: 3500 | X20: 3500 | Y20: 3500 | Z20: 3500 | AA20: 3500 | AB20: =SUM(D20:AA20)*C20 -> 420000
B21: ORDINARIO | C21: 21 | D21: 3500 | E21: 3500 | F21: 3500 | G21: 3500 | H21: 3500 | I21: 3500 | J21: 3500 | K21: 3500 | L21: 3500 | M21: 3500 | N21: 3500 | O21: 3500 | P21: 3500 | Q21: 3500 | R21: 3500 | S21: 3500 | T21: 3500 | U21: 3500 | V21: 3500 | W21: 3500 | X21: 3500 | Y21: 3500 | Z21: 3500 | AA21: 3500 | AB21: =SUM(D21:AA21)*C21 -> 1764000
A22: 46357 | B22: SÁBADO | C22: 4 | D22: 12000 | E22: 12000 | F22: 12000 | G22: 12000 | H22: 12000 | I22: 12000 | J22: 12000 | K22: 12000 | L22: 12000 | M22: 12000 | N22: 12000 | O22: 12000 | P22: 12000 | Q22: 12000 | R22: 12000 | S22: 12000 | T22: 12000 | U22: 12000 | V22: 12000 | W22: 12000 | X22: 12000 | Y22: 12000 | Z22: 12000 | AA22: 12000 | AB22: =SUM(D22:AA22)*C22 -> 1152000 | AC22: =+AB22+AB23+AB24 -> 8928000
B23: FESTIVO | C23: 4 | D23: 12000 | E23: 12000 | F23: 12000 | G23: 12000 | H23: 12000 | I23: 12000 | J23: 12000 | K23: 12000 | L23: 12000 | M23: 12000 | N23: 12000 | O23: 12000 | P23: 12000 | Q23: 12000 | R23: 12000 | S23: 12000 | T23: 12000 | U23: 12000 | V23: 12000 | W23: 12000 | X23: 12000 | Y23: 12000 | Z23: 12000 | AA23: 12000 | AB23: =SUM(D23:AA23)*C23 -> 1152000
B24: ORDINARIO | C24: 23 | D24: 12000 | E24: 12000 | F24: 12000 | G24: 12000 | H24: 12000 | I24: 12000 | J24: 12000 | K24: 12000 | L24: 12000 | M24: 12000 | N24: 12000 | O24: 12000 | P24: 12000 | Q24: 12000 | R24: 12000 | S24: 12000 | T24: 12000 | U24: 12000 | V24: 12000 | W24: 12000 | X24: 12000 | Y24: 12000 | Z24: 12000 | AA24: 12000 | AB24: =SUM(D24:AA24)*C24 -> 6624000

Sheet Oferta Producto N° 2  Curva
A5: ANEXO No. 1. Oferta Producto No. 2 Curva Convocatoria Pública DISPAC S.A. E.S.P.
A8: PROPONENTE
A10: MES | B10: DEMANDA REQUERIDA DISPAC KWh | C10: DEMANDA PERIODO REQUERIDA DISPAC KWh | D10: PORCENTAJE (%) OFERTADO DE LA DEMANDA REQUERIDA | E10: DEMANDA OFERTADA KWh - MES | F10: DEMANDA PERIODO OFERTADA KWh | G10: PRECIO OFERTADO $ kWh (0.00)
A11: 46174 | B11: ='Cantidades - Producto 2'!AG3 -> 7122360.5 | C11: =B11+B12+B13+B14+B15+B16+B17 -> 36925222 | D11: 0 | E11: =+B11*D11 -> 0
A12: 46204 | B12: ='Cantidades - Producto 2'!AG4 -> 7279131.3 | D12: 0 | E12: =+B12*D12 -> 0
A13: 46235 | B13: ='Cantidades - Producto 2'!AG5 -> 7024968.8 | D13: 0 | E13: =+B13*D13 -> 0
A14: 46266 | B14: ='Cantidades - Producto 2'!AG6 -> 2275335.9 | D14: 0 | E14: =+B14*D14 -> 0
A15: 46296 | B15: ='Cantidades - Producto 2'!AG7 -> 2149277.1 | D15: 0 | E15: =+B15*D15 -> 0
A16: 46327 | B16: ='Cantidades - Producto 2'!AG8 -> 2095521.4 | D16: 0 | E16: =+B16*D16 -> 0
A17: 46357 | B17: ='Cantidades - Producto 2'!AG9 -> 8978626.9 | D17: 0 | E17: =+B17*D17 -> 0
A18: TOTALES | B18: =SUM(B11:B17) -> 36925222 | C18: =SUM(C11:C17) -> 36925222 | E18: =SUM(E11:E17) -> 0 | F18: =SUM(F11:F17) -> 0 | G18: =IFERROR(SUMPRODUCT(F11:F17,G11:G17)/SUM(F11:F17),"")
A20: NOTAS:
A21: (1) Oferta válida para la modalidad Pague lo Contratado.
A22: (2) Las cantidades de energía se despacharan de acuerdo a la curva del Despacho Horario del producto previstas en los Pliegos de Condiciones y sus documentos complementarios.
A23: (3) El oferente presentará propuesta correspondiente a un porcentaje (%)de la demanda requerida para uno o varios meses que sean de su interés
A24: (4) Se aceptarán ofertas por cualquier porcentaje, siempre que este se presente en un numero entero, es decir, sin decimales
A25: (5) Esta oferta podrá cubrir hasta el 100% de cada uno de los meses correspondientes a la demanda requerida por DISPAC S.A. E.S.P. de acuerdo a la curva del Despacho
A26: (6) Los precios ofertados incluyen todos los pagos, cargos, impuestos, estampillas, etc., que el Proponente deba realizar ante cualquier entidad gubernamental, o empresa pública, privada o mixta para entregar la energía en la (s) frontera (s) con el Sistema de Transmisión Nacional – STN.
A27: (6) Los precios ofertados serán a precios de marzo de 2026 y este será indexado mes a mes con el Índice de Precios al Productor Provisional expedido por el DANE.
A28: (8) El precio máximo a adjudicar estará por debajo al precio que presente DISPAC S.A. E.S.P. en su oferta de reserva.
A29: (9) Las ofertas presentadas y remitidas por el ASIC para cada uno de los productos, serán objeto de evaluación si estás son inferiores al precio de reserva presentado por DISPAC.
A30: (10) El precio ofertado debe ser anual
A33: Oferente
A37: Calidad del firmante

Sheet Cantidades - Producto 2
A2: PRODUCTO 2 | AF2: MES | AG2: DEMANDA REQUERIDA DISPAC KWh
A3: Mes | B3: Tipo de día | C3: No. de Días | D3: HORA 01 | E3: HORA 02 | F3: HORA 03 | G3: HORA 04 | H3: HORA 05 | I3: HORA 06 | J3: HORA 07 | K3: HORA 08 | L3: HORA 09 | M3: HORA 10 | N3: HORA 11 | O3: HORA 12 | P3: HORA 13 | Q3: HORA 14 | R3: HORA 15 | S3: HORA 16 | T3: HORA 17 | U3: HORA 18 | V3: HORA 19 | W3: HORA 20 | X3: HORA 21 | Y3: HORA 22 | Z3: HORA 23 | AA3: HORA 24 | AB3: Total | AF3: 46174 | AG3: 7122360.5
A4: 46174 | B4: SÁBADO | C4: 4 | D4: 6001.3868 | E4: 5522.5123 | F4: 5259.7676 | G4: 4829.0509 | H4: 4670.2968 | I4: 5089.0459 | J4: 5463.2494 | K4: 7340.2454 | L4: 9801.8116 | M4: 11072.693 | N4: 11652.89 | O4: 12788.417 | P4: 12974.144 | Q4: 12403.994 | R4: 12757.348 | S4: 12356.248 | T4: 11388.199 | U4: 11482.098 | V4: 13367.217 | W4: 14786.932 | X4: 13770.551 | Y4: 12546.248 | Z4: 10953.293 | AA4: 9418.9312 | AB4: 950786.27 | AC4: 7122360.5 | AF4: 46204 | AG4: 7279131.3
B5: FESTIVO | C5: 4 | D5: 7944.5933 | E5: 6887.6836 | F5: 6102.8087 | G5: 5667.5478 | H5: 5491.6306 | I5: 5652.4639 | J5: 5709.5637 | K5: 7458.4177 | L5: 9250.0669 | M5: 10125.257 | N5: 10730.273 | O5: 11716.118 | P5: 12174.137 | Q5: 11685.304 | R5: 11024.287 | S5: 10439.429 | T5: 9946.2056 | U5: 9849.7415 | V5: 11714.458 | W5: 13046.222 | X5: 12070.12 | Y5: 10584.854 | Z5: 9028.7832 | AA5: 7363.6554 | AB5: 886654.48 | AF5: 46235 | AG5: 7024968.8
B6: ORDINARIO | C6: 22 | D6: 6239.992 | E6: 5393.8733 | F6: 4842.318 | G6: 4538.9139 | H6: 4658.1799 | I6: 5338.7345 | J6: 6347.7029 | K6: 8118.4863 | L6: 10109.558 | M6: 11191.61 | N6: 12139.932 | O6: 13106.142 | P6: 13306.003 | Q6: 13456.396 | R6: 13518.077 | S6: 13332.393 | T6: 12959.116 | U6: 12667.668 | V6: 13227.119 | W6: 13715.258 | X6: 12994.467 | Y6: 11378.797 | Z6: 9485.8034 | AA6: 8157.0827 | AB6: 5284919.7 | AF6: 46266 | AG6: 2275335.9
A7: 46204 | B7: SÁBADO | C7: 4 | D7: 6048.9393 | E7: 5327.7315 | F7: 4898.0492 | G7: 4486.6309 | H7: 4373.9001 | I7: 4576.0565 | J7: 5011.2864 | K7: 6918.4322 | L7: 9101.4861 | M7: 9930.4241 | N7: 10426.47 | O7: 11816.649 | P7: 12254.126 | Q7: 12142.165 | R7: 12003.877 | S7: 11909.626 | T7: 11619.996 | U7: 11447.617 | V7: 12414.316 | W7: 13256.813 | X7: 12673.335 | Y7: 11402.891 | Z7: 9841.6003 | AA7: 8095.8372 | AB7: 887913.02 | AC7: 7279131.3 | AF7: 46296 | AG7: 2149277.1
B8: FESTIVO | C8: 4 | D8: 6882.0028 | E8: 5989.4252 | F8: 5365.2373 | G8: 4831.6801 | H8: 4647.2567 | I8: 4744.2184 | J8: 5065.2441 | K8: 6364.0029 | L8: 7984.7915 | M8: 8382.2827 | N8: 9430.6373 | O8: 10841.096 | P8: 11635.638 | Q8: 11569.669 | R8: 11011.917 | S8: 10890.662 | T8: 10555.944 | U8: 10226.74 | V8: 10893.297 | W8: 12981.937 | X8: 12478.023 | Y8: 11124.858 | Z8: 9216.4507 | AA8: 7608.5217 | AB8: 842886.13 | AF8: 46327 | AG8: 2095521.4
B9: ORDINARIO | C9: 23 | D9: 6691.639 | E9: 5906.1077 | F9: 5357.676 | G9: 5070.3443 | H9: 5062.0479 | I9: 5841.8583 | J9: 6825.8854 | K9: 8227.6295 | L9: 9936.01 | M9: 10593.225 | N9: 11414.967 | O9: 12544.98 | P9: 12432.029 | Q9: 12834.824 | R9: 13514.888 | S9: 13558.139 | T9: 12959.651 | U9: 12491.655 | V9: 13119.386 | W9: 14077.171 | X9: 13489.147 | Y9: 11742.132 | Z9: 9636.028 | AA9: 7904.4107 | AB9: 5548332.1 | AF9: 46357 | AG9: 8978626.9
A10: 46235 | B10: SÁBADO | C10: 5 | D10: 6655.8915 | E10: 5098.4853 | F10: 4540.3207 | G10: 4119.1307 | H10: 4032.7905 | I10: 4176.3429 | J10: 4834.8828 | K10: 6323.5222 | L10: 8568.8617 | M10: 9560.2106 | N10: 11205.755 | O10: 12404.361 | P10: 12792.348 | Q10: 12646.441 | R10: 12212.81 | S10: 12047.187 | T10: 11734.815 | U10: 11247.929 | V10: 12789.276 | W10: 13483.546 | X10: 12833.886 | Y10: 11280.739 | Z10: 9254.1347 | AA10: 7766.5713 | AB10: 1108051.2 | AC10: 7024968.8
B11: FESTIVO | C11: 5 | D11: 6571.5688 | E11: 5859.9659 | F11: 5166.8701 | G11: 4610.2769 | H11: 4246.3436 | I11: 4327.8315 | J11: 4731.191 | K11: 6251.709 | L11: 8128.0515 | M11: 9363.0921 | N11: 10087.772 | O11: 11154.556 | P11: 11804.192 | Q11: 11731.971 | R11: 11079.07 | S11: 10660.833 | T11: 10373.152 | U11: 10122.717 | V11: 11069.617 | W11: 12617.149 | X11: 12122.304 | Y11: 10700.708 | Z11: 8925.8007 | AA11: 7346.7666 | AB11: 1045267.5
B12: ORDINARIO | C12: 21 | D12: 6612.0713 | E12: 5856.6634 | F12: 5341.0986 | G12: 4990.0866 | H12: 4882.5114 | I12: 5649.3782 | J12: 6703.4592 | K12: 7987.4049 | L12: 9724.1351 | M12: 10969.14 | N12: 11638.729 | O12: 11758.439 | P12: 11102.089 | Q12: 11480.265 | R12: 11823.165 | S12: 11881.225 | T12: 12967.356 | U12: 12457.592 | V12: 12671.562 | W12: 13306.391 | X12: 12831.818 | Y12: 11633.734 | Z12: 9771.6858 | AA12: 7943.3366 | AB12: 4871650.1
A13: 46266 | B13: SÁBADO | C13: 4 | D13: 1995.8493 | E13: 1903.5485 | F13: 1741.9735 | G13: 1651.3014 | H13: 1639.5365 | I13: 1680.9493 | J13: 1869.2305 | K13: 2458.9738 | L13: 3114.5501 | M13: 3530.0926 | N13: 3839.9754 | O13: 4169.7478 | P13: 4287.6735 | Q13: 4248.0771 | R13: 4118.1641 | S13: 3936.186 | T13: 3782.265 | U13: 3720.8176 | V13: 4157.759 | W13: 4324.155 | X13: 4114.7351 | Y13: 3711.1627 | Z13: 3243.3569 | AA13: 2745.1674 | AB13: 303940.99 | AC13: 2275335.9
B14: FESTIVO | C14: 4 | D14: 2371.2536 | E14: 2108.3313 | F14: 1915.1711 | G14: 1799.8288 | H14: 1714.7492 | I14: 1704.7121 | J14: 1752.7084 | K14: 2145.1167 | L14: 2656.5851 | M14: 2936.8946 | N14: 3181.0164 | O14: 3537.0109 | P14: 3705.3896 | Q14: 3585.5179 | R14: 3315.3409 | S14: 3191.7289 | T14: 3079.619 | U14: 3124.2599 | V14: 3699.626 | W14: 3916.7319 | X14: 3778.0726 | Y14: 3449.1398 | Z14: 2907.9168 | AA14: 2432.5337 | AB14: 272037.02
B15: ORDINARIO | C15: 22 | D15: 2083.7031 | E15: 1890.607 | F15: 1745.6189 | G15: 1610.5085 | H15: 1638.7102 | I15: 1903.1409 | J15: 2252.1277 | K15: 2638.8079 | L15: 3201.8121 | M15: 3498.1403 | N15: 3738.7915 | O15: 4059.1052 | P15: 4114.131 | Q15: 4162.0085 | R15: 4267.7888 | S15: 4226.7811 | T15: 4155.8542 | U15: 4015.1461 | V15: 4333.8665 | W15: 4429.813 | X15: 4179.6027 | Y15: 3670.2184 | Z15: 2987.3946 | AA15: 2439.8599 | AB15: 1699357.8
A16: 46296 | B16: SÁBADO | C16: 5 | D16: 1876.9936 | E16: 1670.3156 | F16: 1537.4479 | G16: 1416.6354 | H16: 1358.9881 | I16: 1395.9471 | J16: 1504.3773 | K16: 2042.5884 | L16: 2702.1127 | M16: 3193.6563 | N16: 3542.9084 | O16: 3914.4735 | P16: 4007.5011 | Q16: 3902.312 | R16: 3786.6444 | S16: 3629.2463 | T16: 3495.9897 | U16: 3490.5993 | V16: 3821.006 | W16: 3859.779 | X16: 3720.1107 | Y16: 3384.8929 | Z16: 2917.6038 | AA16: 2453.0632 | AB16: 343125.96 | AC16: 2149277.1
B17: FESTIVO | C17: 4 | D17: 2009.6729 | E17: 1769.9382 | F17: 1592.5844 | G17: 1492.7507 | H17: 1445.435 | I17: 1460.3636 | J17: 1498.2843 | K17: 1894.599 | L17: 2347.6272 | M17: 2686.1667 | N17: 2867.6029 | O17: 3284.9312 | P17: 3507.1369 | Q17: 3443.2045 | R17: 3158.1157 | S17: 2817.24 | T17: 2869.3859 | U17: 3004.9894 | V17: 3538.8105 | W17: 3647.6333 | X17: 3377.8069 | Y17: 2956.0978 | Z17: 2439.9414 | AA17: 2014.7688 | AB17: 244500.35
B18: ORDINARIO | C18: 22 | D18: 1904.8269 | E18: 1700.0784 | F18: 1550.5538 | G18: 1396.7978 | H18: 1446.975 | I18: 1651.3989 | J18: 1935.9218 | K18: 2388.1025 | L18: 2886.7683 | M18: 3192.8532 | N18: 3388.8737 | O18: 3622.2765 | P18: 3812.8134 | Q18: 3816.2657 | R18: 3931.6314 | S18: 3976.8457 | T18: 3938.3377 | U18: 3755.3932 | V18: 4153.282 | W18: 4130.716 | X18: 3909.2975 | Y18: 3400.3405 | Z18: 2800.3742 | AA18: 2293.4023 | AB18: 1561650.8
A19: 46327 | B19: SÁBADO | C19: 4 | D19: 1815.6678 | E19: 1745.0633 | F19: 1568.1195 | G19: 1425.3553 | H19: 1423.366 | I19: 1481.9407 | J19: 1631.6561 | K19: 2164.0416 | L19: 2864.4358 | M19: 3290.4323 | N19: 3562.5532 | O19: 3841.3237 | P19: 3968.9502 | Q19: 3889.6187 | R19: 3769.4954 | S19: 3615.7998 | T19: 3477.7518 | U19: 3554.3074 | V19: 4002.8463 | W19: 4015.8501 | X19: 3827.4511 | Y19: 3432.2921 | Z19: 2961.9795 | AA19: 2490.4443 | AB19: 279282.97 | AC19: 2095521.4
B20: FESTIVO | C20: 5 | D20: 2066.5216 | E20: 1834.7903 | F20: 1697.1509 | G20: 1583.0877 | H20: 1539.2364 | I20: 1556.1221 | J20: 1646.6465 | K20: 2040.3889 | L20: 2559.6896 | M20: 2882.2177 | N20: 3064.7564 | O20: 3303.0161 | P20: 3432.4984 | Q20: 3332.8545 | R20: 3127.0937 | S20: 2973.6002 | T20: 2915.3065 | U20: 2969.188 | V20: 3577.523 | W20: 3725.6314 | X20: 3501.0205 | Y20: 3111.5363 | Z20: 2655.458 | AA20: 2241.5885 | AB20: 316684.62
B21: ORDINARIO | C21: 21 | D21: 1904.2589 | E21: 1696.9282 | F21: 1563.7304 | G21: 1476.0198 | H21: 1470.1933 | I21: 1667.2948 | J21: 1989.7803 | K21: 2464.6609 | L21: 2975.2143 | M21: 3250.569 | N21: 3521.9378 | O21: 3807.5629 | P21: 3898.7359 | Q21: 3865.5107 | R21: 3955.3398 | S21: 3856.137 | T21: 3720.9613 | U21: 3663.6588 | V21: 4094.7803 | W21: 4036.5066 | X21: 3884.0726 | Y21: 3462.9055 | Z21: 2853.7346 | AA21: 2326.8294 | AB21: 1499553.8
A22: 46357 | B22: SÁBADO | C22: 4 | D22: 8696.0576 | E22: 7748.4034 | F22: 7253.1108 | G22: 6926.1405 | H22: 6835.462 | I22: 7188.8053 | J22: 7646.0629 | K22: 9390.2012 | L22: 11738.856 | M22: 13040.321 | N22: 13919.369 | O22: 14798.957 | P22: 15094.698 | Q22: 15035.84 | R22: 14548.416 | S22: 14146.644 | T22: 13803.863 | U22: 13746.476 | V22: 15557.057 | W22: 15812.561 | X22: 15124.312 | Y22: 13953.932 | Z22: 12304.827 | AA22: 10815.897 | AB22: 1140505.1 | AC22: 8978626.9
B23: FESTIVO | C23: 4 | D23: 9628.4129 | E23: 8775.5904 | F23: 8180.0392 | G23: 7707.9188 | H23: 7499.8902 | I23: 7607.6222 | J23: 7635.3178 | K23: 8947.9855 | L23: 10602.419 | M23: 11991.614 | N23: 12683.249 | O23: 13703.438 | P23: 14212.662 | Q23: 14227.638 | R23: 13638.363 | S23: 13024.943 | T23: 12738.92 | U23: 12630.797 | V23: 14664.533 | W23: 15300.135 | X23: 14320.735 | Y23: 13014.263 | Z23: 12029.801 | AA23: 10591.872 | AB23: 1101432.6
B24: ORDINARIO | C24: 23 | D24: 9028.7515 | E24: 8140.113 | F24: 7576.1334 | G24: 7174.1144 | H24: 7077.4298 | I24: 7470.7272 | J24: 8256.9084 | K24: 10145.498 | L24: 12394.149 | M24: 13195.971 | N24: 13684.349 | O24: 14626.491 | P24: 14708.813 | Q24: 14806.114 | R24: 14816.162 | S24: 14849.092 | T24: 14562.906 | U24: 14380.941 | V24: 16349.38 | W24: 16540.68 | X24: 15773.257 | Y24: 14259.476 | Z24: 12420.26 | AA24: 10661.812 | AB24: 6736689.2
